 Dungeon Crawl Stone Soup version 0.32-a0-422-g28b100f618 (webtiles) character file.

Game seed: 3692737201708507732

1376 horus123 the Cleaver (level 8, -1/62 HPs)
             Began as a Coglin Gladiator on Feb 22, 2024.
             Was a Believer of Makhleb.
             Succumbed to a killer bee's poison
             ... on level 5 of the Dungeon.
             The game lasted 00:09:06 (4828 turns).

horus123 the Cleaver (Coglin Gladiator)             Turns: 4828, Time: 00:09:07

Health: -1/62      AC: 13    Str: 18    XL:     8   Next: 66%
Magic:  8/8        EV:  6    Int:  7    God:    Makhleb [**....]
Gold:   522        SH:  5    Dex: 15    Spells: 7/7 levels left

rFire   + . .        a - +0 war axe {Kaede}
rCold   . . .        K - +2 long sword (holy) {Fatehjeet}
rNeg    . . .        r - +0 plate armour
rPois   .            c - +0 helmet
rElec   .            (no cloak)
rCorr   .            (no gloves)
SInv    .            (no boots)
Will    ++...        u - amulet of reflection Stlth
                     l - ring of protection from fire
HPRegen 0.30/turn    b - ring of willpower
MPRegen 0.11/turn

%: reflection
@: brilliant, lethally poisoned (-1 -> -6), enlightened, flying, invisible,
revving
A: off-hand wielding, slow wielding, warmup strikes, legs shutdown
a: Renounce Religion, Minor Destruction


You were on level 5 of the Dungeon.
You worshipped Makhleb.
Makhleb was pleased with you.
You visited 2 branches of the dungeon, and saw 6 of its levels.
You also visited: Ossuary.

You collected 522 gold pieces.

Inventory:

Hand Weapons
 a - a +0 war axe (weapon) {Kaede}
 g - a +0 flail {Wei}
 K - a +2 long sword of holy wrath (offhand) {Fatehjeet}
Missiles
 d - 5 throwing nets (quivered)
 e - a javelin
Armour
 c - a +0 helmet (worn)
 r - a +0 plate armour (worn)
Jewellery
 b - a ring of willpower (right grasper)
 l - a ring of protection from fire (left grasper)
 u - an amulet of reflection (around neck)
 v - a ring of protection from cold
 A - an amulet of the acrobat
Wands
 s - a wand of polymorph (6)
 I - a wand of digging (7)
 J - a wand of roots (6)
Scrolls
 f - a scroll of fog
 j - a scroll of brand weapon {unknown}
 k - a scroll of amnesia
 o - 2 scrolls of vulnerability
 t - 2 scrolls of immolation
 x - a scroll of noise
 y - 4 scrolls of teleportation
 H - a scroll of revelation {unknown}
 L - a scroll of poison {unknown}
Potions
 i - a potion of haste
 m - 2 potions of might
 n - a potion of degeneration {unknown}
 p - a potion of invisibility
 q - 4 potions of heal wounds {unknown}
 w - a potion of mutation {unknown}
 z - a potion of cancellation {unknown}
 B - a potion of brilliance
 C - a potion of ambrosia {unknown}
 D - 2 potions of enlightenment
 F - a potion of attraction {unknown}
 G - a potion of lignification {unknown}


   Skills:
 - Level 5.0 Fighting
 - Level 8.0 Axes
 - Level 1.7 Throwing
 + Level 4.9 Armour
 - Level 2.6 Dodging


You had 7 spell levels left.
You didn't know any spells.
Your spell library contained the following spells:

 Spells                   Type           Power      Damage    Failure   Level
 Ensorcelled Hibernation  Hex/Ice        0%         N/A       100%        2
 Passwall                 Erth           0%         N/A       100%        3
 Swiftness                Air            0%         N/A       100%        3


Dungeon Overview and Level Annotations

Branches:
Dungeon (5/15)             Temple (1/1) D:4         Ossuary (visited)

Altars:
Ashenzari
Cheibriados
Dithmenos
Elyvilon
Fedhas
Gozag
Hepliaklqana
Kikubaaqudgha
Makhleb
Nemelex Xobeh
Qazlal
Ru
Sif Muna
Trog
Vehumet
Wu Jian
Xom
Yredelemnul
Zin
The Shining One

Shops:
D:3 :


Innate Abilities, Weirdness & Mutations

You can wield a second weapon in your off-hand.
It takes a long time for you to wield or remove held weapons.
Your first few attacks do less damage.
Attacking and casting redirects power from your legs.


Message History

The killer bee stings you but does no damage.
The killer bee barely misses you.
You barely miss the killer bee with your +2 long sword of holy wrath.
You barely miss the killer bee with your +0 war axe.
You miss the killer bee with your +0 war axe.
You hit the killer bee with your +0 war axe.
The killer bee stings you.
* * * LOW HITPOINT WARNING * * *
You are poisoned.
The killer bee poisons you! You block the killer bee's attack.
The killer bee barely misses you. The killer bee stings you.
* * * LOW HITPOINT WARNING * * *
You are lethally poisoned!
The killer bee poisons you!
The killer bee stings you but does no damage. x2
Unknown command.
Unknown command.
Okay, then.
As you read the scroll of fear, it crumbles to dust.
You assume a fearsome visage.
The kobold looks frightened! x3
The killer bee looks frightened! x3
You are no longer unable to travel.
* * * LOW HITPOINT WARNING * * *
You feel very sick.
* * * LOW HITPOINT WARNING * * *
You feel very sick.
Unknown command.
It was a potion of invisibility.
You fade into invisibility!
* * * LOW HITPOINT WARNING * * *
You feel sick.
It was a potion of brilliance.
You feel clever all of a sudden.
* * * LOW HITPOINT WARNING * * *
You feel sick.
The kobold nearly stumbles in trying to escape.
It was a potion of enlightenment.
You feel very buoyant.
You fly up into the air.
You die...

~≈~~......~≈≈≈≈≈≈≈≈≈≈≈≈≈≈~≈≈≈≈≈≈~
≈≈≈~~....~~≈≈≈≈≈≈≈≈≈≈≈≈≈≈≈≈≈≈≈≈≈#
######''#########################
...÷#....# ....... ...(#()).#
.....K. #####....#########.......
...#......#..........#
...'......'......†...#
...#......#.....@....#
#####....#########.......
...(#....# .....K. ...÷#....#
.....K. ########## #######


You could see 3 kobolds.

Vanquished Creatures
  Grinder (D:5)
  An ogre (D:5)
  An elf zombie (Ossuary)
  A weeping skull (Ossuary)
  A scorpion (D:5)
  2 burial acolytes (Ossuary)
  2 killer bees (D:5)
  A bombardier beetle (D:5)
  3 hounds (D:5)
  A centaur zombie (Ossuary)
  A jelly (D:5)
  An iguana (D:4)
  Natasha (thrice) (D:4)
  An orc wizard (D:5)
  4 hound zombies (Ossuary)
  A mummy (Ossuary)
  5 gnolls (D:5)
  9 adders
  4 dart slugs
  A ribbon worm (D:2)
  5 orcs (D:5)
  7 ball pythons
  9 bats
  4 endoplasms
  6 giant cockroaches
  7 gnoll zombies (Ossuary)
  7 goblins
  11 hobgoblins
  28 kobolds
  2 quokkas
  3 frilled lizards
  2 orc zombies (Ossuary)
  5 rats
140 creatures vanquished.

Notes
Turn   | Place    | Note
-------+----------+-------------------------------------------
     0 | D:1      | horus123 the Coglin Gladiator began the quest for the Orb.
     0 | D:1      | Reached XP level 1. HP: 16/16 MP: 1/1
    66 | D:1      | Reached XP level 2. HP: 23/23 MP: 2/2
   358 | D:1      | Reached XP level 3. HP: 29/29 MP: 3/3
   739 | D:1      | Reached XP level 4. HP: 35/37 MP: 4/4
  1588 | D:2      | Reached skill level 5 in Fighting
  1588 | D:2      | Reached XP level 5. HP: 44/44 MP: 5/5
  1942 | D:3      | Found Hyaboe's Book Shop.
  2348 | D:4      | Found a glowing golden altar of the Shining One.
  2378 | D:4      | Found a sand-covered staircase.
  2399 | Ossuary  | Entered an ossuary
  2399 | Ossuary  | Noticed a weeping skull
  2399 | Ossuary  | Noticed a weeping skull
  2399 | Ossuary  | Noticed a weeping skull
  2468 | Ossuary  | Reached skill level 4 in Axes
  2497 | Ossuary  | Reached XP level 6. HP: 43/51 MP: 6/6
  2610 | Ossuary  | Reached skill level 5 in Axes
  2857 | Ossuary  | Reached skill level 6 in Axes
  2857 | Ossuary  | Reached XP level 7. HP: 54/56 MP: 7/7
  3028 | D:4      | Found a shadowy altar of Dithmenos.
  3204 | D:4      | Noticed Natasha
  3210 | D:4      | Killed Natasha
  3370 | D:4      | Noticed Natasha
  3375 | D:4      | Killed Natasha
  3376 | D:4      | Reached skill level 7 in Axes
  3380 | D:4      | Found a staircase to the Ecumenical Temple.
  3396 | Temple   | Entered the Ecumenical Temple
  3447 | Temple   | Became a worshipper of Makhleb the Destroyer
  3622 | D:4      | Noticed Natasha
  3629 | D:4      | Killed Natasha
  3670 | D:5      | Entered Level 5 of the Dungeon
  3719 | D:5      | Found a blossoming altar of Fedhas.
  4148 | D:5      | Reached skill level 8 in Axes
  4148 | D:5      | Reached skill level 1 in Armour
  4148 | D:5      | Reached XP level 8. HP: 62/62 MP: 8/8
  4312 | D:5      | Found a glowing silver altar of Zin.
  4312 | D:5      | Noticed an angel
  4458 | D:5      | Noticed Grinder
  4470 | D:5      | Killed Grinder
  4558 | D:5      | Reached * piety under Makhleb
  4682 | D:5      | Reached ** piety under Makhleb
  4826 | D:5      | HP: 3/62 [poisoned by a killer bee]
  4827 | D:5      | HP: 1/62 [poisoned by a killer bee]
  4828 | D:5      | Succumbed to a killer bee's poison

Illustrated notes

Levels and vault maps discovered:
D:1:      wheals_arrival_shading, layout_basic
D:2:      layout_basic
D:3:      layout_basic, serial_shops, nicolae_book_shop_shelving
D:4:      layout_basic, tso_oasis_becter,
          nicolae_dithmenos_through_a_glass_darkly,
          minmay_temple_entry_mini_moons, nicolae_ossuary_entry_plus,
          hex_medium, uniq_natasha
D:5:      minmay_goblin_kobold_castle, layout_basic, zin_angel,
          general_overflow_altar, uniq_grinder
Temple:   kb_temple_of_zot

Skill      XL: |  1  2  3  4  5  6  7  8 |
---------------+-------------------------+-----
Fighting       | 3 4 5 |  5.0
Axes           | 4 6 8 |  8.0
Armour         | 1 4 |  4.9
Throwing       | |  1.7
Dodging        | |  2.6

Action                     |  1- 3 |  4- 6 |  7- 9 || total
---------------------------+-------+-------+-------++-------
  Melee: War axe           |    69 |   112 |   115 ||   296
         Whip              |    46 |    14 |       ||    60
         Flail             |       |    83 |    48 ||   131
         Long sword        |       |       |    65 ||    65
    Use: Potion            |       |     2 |     5 ||     7
         Scroll            |       |       |     9 ||     9
 Armour: Leather armour    |     9 |       |       ||     9
         Chain mail        |    53 |     6 |       ||    59
         Plate armour      |       |   101 |   149 ||   250
  Dodge: Dodged            |    29 |    40 |    41 ||   110
  Block: Other             |       |    27 |    25 ||    52

Table legend: (Time is in decaauts)
 A = Elapsed time spent in this place.
 B = Non-inter-level travel time spent in this place.
 C = Inter-level travel time spent in this place.
 D = Time resting spent in this place.
 E = Time spent auto-exploring this place.
 F = Levels seen in this place.
 G = Mean time per level.
                   A        B        C        D        E       F      G
               +--------+--------+--------+--------+--------+-----+--------+
         Total |   4878 |   4680 |    198 |    381 |   3327 |   7 |  696.9 |
       Dungeon |   4195 |   4020 |    175 |    169 |   3057 |   5 |  839.0 |
        Temple |     83 |     60 |     23 |      0 |      0 |   1 |   83.0 |
       Ossuary |    599 |    599 |      0 |    212 |    270 |   1 |  599.0 |
               +--------+--------+--------+--------+--------+-----+--------+

Top non-repeatable levels by time:
     D:5: 1175 daAuts
     D:2: 1039 daAuts
     D:1: 793 daAuts
     D:4: 659 daAuts
 Ossuary: 599 daAuts
     D:3: 527 daAuts
  Temple: 83 daAuts
